Map: Catalyst LE

Players

SgtDuck

  • Race: Zerg Zerg
  • League: Master
  • Spawn Location: 5:00

HuShang - Winner!

  • Race: Terran Terran
  • League: Grandmaster
  • Spawn Location: 11:00

VOD

Have the link to the VOD?

Description

Time

  • Played on: May 24, 2018, 4:42 p.m.
  • Length: 8:35
Show
View Real Time Build Order
Export as new Build Order

SgtDuck Zerg 

Build Orders: Hatch First, Roach Nydus 

Get SALT Encoding   

  12  0:00  Drone  
  13  0:09  Drone  
  14  0:18  Overlord  
  14  0:26  Drone, Extractor  
  14  0:31  Drone, Extractor  
  16  0:37  Drone  
  17  0:55  Hatchery  
  16  0:58  Drone  
  17  1:12  Spawning Pool  
  17  1:15  Drone  
  17  1:18  Extractor  
  16  1:20  Drone  
  16  1:24  Drone  
  18  1:28  Drone  
  19  1:37  Overlord  
  19  1:49  Drone  
  20  1:59  Queen  
  22  2:01  Zergling x2  
  22  2:06  Queen  
  22  2:08  Zergling x2  
  26  2:17  Drone  
  26  2:19  Drone  
  26  2:22  Drone  
  29  2:29  Drone  
  30  2:32  Overlord  
  30  2:37  Lair  
  30  2:39  Drone  
  31  2:45  Queen  
  31  2:48  Drone  
  34  2:52  Extractor  
  34  2:53  Drone  
  34  2:54  Drone  
  34  2:56  Extractor  
  34  3:02  Drone  
  34  3:04  Drone  
  36  3:07  Drone  
  36  3:08  Drone x2  
  39  3:17  Roach Warren  
  38  3:23  Queen  
  40  3:30  Drone  
  40  3:32  Drone  
  42  3:41  Overlord, Nydus Network  
  41  3:45  Overlord  
  41  3:51  Queen  
  43  3:59  Roach x2  
  43  4:02  Roach  
  49  4:11  Roach x2  
  49  4:16  Roach  
  55  4:20  Nydus Canal  
  55  4:28  Roach x2  
  58  5:05  Overlord x2  
  51  5:20  Ravager  
  52  5:22  Overlord  
  52  5:26  Ravager x4  
  56  5:29  Roach x5  
  66  5:36  Hatchery  
  65  5:48  Roach  
  65  5:49  Roach x4  
  75  5:51  Glial Reconstitution  
  75  5:53  Overlord x2  
  60  6:05  Roach x2  
  60  6:06  Roach x2  
  68  6:18  Roach x3  
  74  6:19  Drone  
  74  6:23  Ravager x2  
  74  6:25  Ravager  
  78  6:26  Drone  
  78  6:27  Drone  
  78  6:30  Drone  
  81  6:37  Drone x3  
  84  6:48  Overlord  
  84  6:49  Drone x3  
  87  6:58  Roach x3  
  89  7:10  Roach x3  
  89  7:11  Roach  
  89  7:14  Ravager x2  
  99  7:16  Drone x2  
  101  7:24  Extractor  
  101  7:25  Drone x3  
  101  7:26  Drone x2  
  105  7:31  Overlord  
  105  7:36  Drone  
  98  7:47  Roach x4  
  106  7:51  Roach  
  106  7:52  Roach x3  
  106  7:56  Overlord x2  
  114  8:12  Overlord x2  
Show
View Real Time Build Order
Export as new Build Order

HuShang Terran - Winner!

Build Orders: MMM Bio 

Get SALT Encoding   

  12  0:01  SCV  
  13  0:13  SCV  
  14  0:21  Supply Depot  
  14  0:25  SCV  
  15  0:43  SCV  
  15  0:44  Barracks  
  15  0:47  Refinery  
  16  0:55  SCV  
  17  1:07  SCV  
  18  1:19  SCV  
  19  1:31  Orbital Command  
  20  1:41  Barracks Reactor  
  20  1:45  Command Center  
  19  1:55  Barracks  
  19  1:57  SCV  
  20  2:04  Refinery  
  20  2:09  SCV  
  20  2:11  Supply Depot  
  21  2:19  Marine x2  
  23  2:26  Factory  
  23  2:33  SCV  
  24  2:37  Marine  
  24  2:42  Barracks Tech Lab  
  25  2:45  SCV  
  26  2:52  Marine  
  26  2:55  Marine  
  28  2:59  Orbital Command  
  28  3:03  Stimpack  
  28  3:05  Marine  
  30  3:12  Starport  
  29  3:13  Factory Reactor  
  29  3:17  SCV  
  30  3:24  Marine x3  
  33  3:27  SCV  
  33  3:31  SCV  
  35  3:42  Marine x3, Supply Depot  
  35  3:44  SCV x2  
  40  3:55  Medivac x2  
  44  3:57  Factory Tech Lab  
  44  4:02  Marine x2  
  44  4:03  Marine  
  44  4:06  SCV  
  44  4:07  SCV  
  49  4:15  Supply Depot  
  49  4:19  Supply Depot  
  49  4:20  Marine  
  49  4:21  SCV x2  
  52  4:26  Engineering Bay  
  52  4:32  Medivac  
  52  4:37  Medivac, SCV x2  
  58  4:44  Marine x3  
  54  5:02  Marine x3  
  59  5:18  SCV x2  
  59  5:19  Marine x2  
  59  5:20  Marine  
  64  5:22  Barracks  
  64  5:24  Barracks  
  64  5:26  Factory Reactor  
  62  5:30  SCV x2  
  62  5:32  Starport Reactor  
  64  5:40  Marine x3  
  64  5:42  Terran Infantry Weapons Level 1, SCV  
  68  5:43  SCV  
  69  5:50  Supply Depot x2  
  69  5:53  Refinery  
  69  5:54  SCV  
  69  5:56  SCV  
  62  6:06  Marine x3  
  65  6:13  Combat Shields  
  65  6:17  SCV  
  65  6:18  SCV  
  67  6:20  Marine  
  67  6:21  Marine x3  
  67  6:24  Marine x3  
  74  6:26  Barracks  
  74  6:27  Medivac  
  74  6:30  SCV x2  
  78  6:34  Factory Tech Lab  
  78  6:38  Marine x4  
  82  6:41  Marine  
  82  6:42  Supply Depot, Marine, SCV x2  
  82  6:46  Supply Depot  
  86  7:04  Medivac, Marine x3, Siege Tank  
  94  7:11  Marine x4  
  94  7:15  Barracks Reactor  
  98  7:21  Supply Depot  
  98  7:22  Supply Depot, Marine x2  
  100  7:31  Marine  
  100  7:32  Marine  
  102  7:37  Marine x2  
  102  7:41  Marine  
  100  7:48  Siege Tank  
  105  7:51  Marine x4  
  105  7:52  Marine x2  
  111  8:03  Supply Depot x2  
  113  8:06  Marine  
  113  8:07  Marine x2  
Tags
 
Composition
MMM Bio
Matchup
TvZ
Spawn Locations
Cross Positions
Strategy
Roach Nydus
Add a new tag
Caveats
  • Supply blocks, unpowered buildings, or Contaminate may cause inaccurate times.
  • Supply counts are checked every 10 seconds.